 Dungeon Crawl Stone Soup version 0.28.0 (webtiles) character file.

Game seed: 12116021379427625555

19 HallandMoats the Skirmisher (level 2, -2/24 HPs)
             Began as a Demonspawn Monk on Feb 8, 2022.
             Slain by Terence (6 damage)
             ... on level 2 of the Dungeon.
             The game lasted 00:01:01 (980 turns).

HallandMoats the Skirmisher (Demonspawn Monk)        Turns: 980, Time: 00:01:01

Health: -2/24      AC:  3    Str: 11    XL:     2   Next: 55%
Magic:  2/2        EV: 12    Int: 11    God:
Gold:   104        SH:  0    Dex: 15    Spells: 1/1 levels left

rFire   . . .      SeeInvis .     - Unarmed
rCold   . . .      Faith    .   (no shield)
rNeg    . . .      Spirit   .   j - +0 leather armour
rPois   .          Reflect  .   (helmet restricted)
rElec   .          Harm     .   (no cloak)
rCorr   .          Rampage  .   (no gloves)
Will    .....                   (no boots)
Stlth   ++........              (no amulet)
HPRegen 0.08/turn               (no ring)
MPRegen 0.08/turn               (no ring)

@: no status effects
A: horns 1
a: no special abilities


You were on level 2 of the Dungeon.
You visited 1 branch of the dungeon, and saw 2 of its levels.

You collected 104 gold pieces.

Inventory:

Missiles
 i - a throwing net (quivered)
Armour
 j - a +0 leather armour (worn)
Scrolls
 c - a scroll of amnesia {unknown}
 d - a scroll of summoning {unknown}
 e - 2 scrolls of identify {unknown}
 h - a scroll of brand weapon {unknown}
Potions
 b - a potion of curing {unknown}
 f - a potion of resistance {unknown}
 g - a potion of degeneration {unknown}


   Skills:
 + Level 3.2 Fighting
 + Level 0.8 Armour
 + Level 2.9 Dodging
 - Level 1.7 Stealth
 + Level 2.9 Unarmed Combat


You had one spell level left.
You didn't know any spells.
Your spell library was empty.

Dungeon Overview and Level Annotations

Branches:
Dungeon (2/15)

Altars:

Annotations:
D:2 Terence


Innate Abilities, Weirdness & Mutations

You have a pair of small horns on your head.


Message History

Terence is lightly wounded.
Terence hits you with a +0 flail.
You barely miss Terence. You headbutt Terence.
Terence is moderately wounded.
Terence completely misses you.
You closely miss Terence. Your headbutt misses Terence.
Terence is moderately wounded.
You hit Terence.
Terence is heavily wounded.
Terence barely misses you.
You barely miss Terence.
Terence is heavily wounded.
Terence hits you with a +0 flail.
You hit Terence but do no damage. You headbutt Terence, but do no damage.
Terence is heavily wounded.
Terence hits you with a +0 flail!
* * * LOW HITPOINT WARNING * * *
You are too injured to fight recklessly!
You are too injured to fight recklessly!
You are too injured to fight recklessly!
You are too injured to fight recklessly!
You are too injured to fight recklessly!
You are too injured to fight recklessly!
You are too injured to fight recklessly!
You are too injured to fight recklessly!
You are too injured to fight recklessly!
You are too injured to fight recklessly!
You are too injured to fight recklessly!
You are too injured to fight recklessly!
You are too injured to fight recklessly!
You are too injured to fight recklessly!
You are too injured to fight recklessly!
You are too injured to fight recklessly!
You are too injured to fight recklessly!
You are too injured to fight recklessly!
You are too injured to fight recklessly!
You are too injured to fight recklessly!
You are too injured to fight recklessly!
Terence hits you with a +0 flail.
You die...

#.# #.# #.# #.###.#
#..##.# ####### #...#.#
......####.##.# #####
.......###.##.###...#
....#.....>.........#####
..#.#...#..#....@@.......
......#..[.†..#.##.######
....#...#..#.#..<#.#
....>......#.......#
#...##.............#
##..#####.###......# #..#
#.# ##...#... #..# #.#
###.##### #..# #.# #.#


You could see Terence.

Vanquished Creatures
  A worm (D:2)
  3 bats
  2 endoplasms (D:1)
  2 giant cockroaches (D:1)
  A goblin (D:1)
  4 ball pythons
  A frilled lizard (D:1)
  2 rats (D:1)
16 creatures vanquished.

Notes
Turn   | Place    | Note
-------+----------+-------------------------------------------
     0 | D:1      | HallandMoats the Demonspawn Monk began the quest for the
                  | Orb.
     0 | D:1      | Reached XP level 1. HP: 18/18 MP: 1/1
   344 | D:1      | Gained mutation: You have a pair of small horns on your
                  | head. [demonic ancestry]
   344 | D:1      | Reached XP level 2. HP: 24/24 MP: 2/2
   966 | D:2      | Noticed Terence
   980 | D:2      | Slain by Terence

Illustrated notes

Levels and vault maps discovered:
D:1:      heliophobic_arrival_battle_scene, layout_loops_cross
D:2:      layout_loops_ring, ebering_ecumenical_altar_sacrificial, basic_altar,
          minmay_misc_feat_secret_circle, uniq_natasha, uniq_terence

Action                   || total
-------------------------++-------
Melee: Unarmed           ||    62
       Headbutt          ||    11
       Punch             ||     1
 Stab: Sleeping          ||     4
Armor: Robe              ||     9
Dodge: Dodged            ||    39
